 Dungeon Crawl Stone Soup version 0.29.1-13-g9f3cf754e1 (webtiles) character file.

Game seed: 11063114671283520126

128 naix the Covered (level 4, -1/41 HPs)
             Began as a Minotaur Fighter on Jan 20, 2023.
             Succumbed to an orc's poison
             ... on level 3 of the Dungeon.
             The game lasted 00:08:58 (2072 turns).

naix the Covered (Minotaur Fighter)                 Turns: 2072, Time: 00:08:58

Health: -1/41      AC:  9    Str: 21    XL:     4   Next: 87%
Magic:  3/3        EV:  7    Int:  5    God:
Gold:   31         SH:  4    Dex: 11    Spells: 3/3 levels left

rFire   . . .      SeeInvis .   t - +0 double sword
rCold   . . .      Faith    .   c - +0 buckler
rNeg    . . .      Spirit   .   x - +0 chain mail
rPois   .          Reflect  .   (helmet restricted)
rElec   .          Harm     .   (no cloak)
rCorr   .          Rampage  .   (no gloves)
Will    .....                   (no boots)
Stlth   ..........              (no amulet)
HPRegen 0.13/turn               i - ring of flight
MPRegen 0.08/turn               (no ring)

@: lethally poisoned (-1 -> -21), flying
A: horns 2, retaliatory headbutt
a: no special abilities


You were on level 3 of the Dungeon.
You visited 1 branch of the dungeon, and saw 3 of its levels.

You collected 31 gold pieces.

Inventory:

Hand Weapons
 t - a +0 double sword (weapon)
Missiles
 q - 2 throwing nets (quivered)
Armour
 c - a +0 buckler (worn)
 x - a +0 chain mail (worn)
Jewellery
 i - a ring of flight (left hand)
Scrolls
 a - a scroll of amnesia {unknown}
 e - 2 scrolls of identify {unknown}
 g - a scroll of brand weapon {unknown}
 m - a scroll of blinking {unknown}
 n - a scroll of enchant weapon {unknown}
 o - a scroll of enchant armour {unknown}
 r - 2 scrolls of summoning {unknown}
 w - a scroll of noise {unknown}
Potions
 d - a potion of might
 f - a potion of flight
 h - a potion of cancellation {unknown}
 j - a potion of brilliance {unknown}
 k - 2 potions of attraction {unknown}
 l - 2 potions of mutation {unknown}
 p - a potion of curing {unknown}
 s - a potion of haste {unknown}
 u - 4 potions of lignification {unknown}
 v - a potion of heal wounds {unknown}


   Skills:
 + Level 4.4 Fighting
 * Level 4.3 Long Blades
 + Level 4.4 Armour
 - Level 4.3 Shields


You had 3 spell levels left.
You didn't know any spells.
Your spell library contained the following spells:

 Spells                   Type           Power      Damage    Failure   Level
 Conjure Ball Lightning   Conj/Air       0%         3x3d6     100%        6
 Discord                  Hex            0%         N/A       100%        8
 Disjunction              Tloc           0%         N/A       100%        8


Dungeon Overview and Level Annotations

Branches:
Dungeon (3/15)

Altars:

Shops:
D:1 (   D:3 (


Innate Abilities, Weirdness & Mutations

You have a pair of horns on your head.
You reflexively headbutt those who attack you in melee.


Message History

You are poisoned.
The worm bites you but does no damage. You block the orc's attack.
You slash the worm!
You kill the worm!
You feel very sick. The ball python barely misses you.
The ball python grabs you. The ball python constricts you.
The orc hits you with a +0 dagger of venom.
You are more poisoned.
You hit the kobold but do no damage.
You feel very sick. The ball python barely misses you.
The ball python constricts you. The orc barely misses you.
The kobold hits you but does no damage. The ball python bites you.
The ball python constricts you.
You barely miss the kobold.
You feel very sick. The orc hits you but does no damage.
The kobold hits you but does no damage. The ball python barely misses you.
You furiously retaliate!
You headbutt the ball python.
You kill the ball python!
The kobold hits you but does no damage. The orc hits you but does no damage.
You are more poisoned.
You slash the kobold!
You kill the kobold!
You feel very sick. The orc hits you but does no damage.
You are lethally poisoned!
You closely miss the orc.
* * * LOW HITPOINT WARNING * * *
You feel extremely sick. The orc hits you but does no damage.
You are more poisoned.
You slash the orc!
You kill the orc!
* * * LOW HITPOINT WARNING * * *
You feel extremely sick.
There is a lethal amount of poison in your body!
It was a potion of flight.
You feel more buoyant.
You die...

.........####.)..∩....
#.....................
###.......# #..........
..........# #..........
###..<....# ..........
#.........#####>..=.....
..#..>.................
###...[...###....).#####
#...............@)......
..#.......###....)......
########### #...........
..)..........
###...........
#...........
#...........
##.....#....


There were no monsters in sight!

Vanquished Creatures
  Terence (D:3)
  A gnoll (D:2)
  2 adders (D:2)
  2 worms
  A dart slug (D:1)
  An orc (D:3)
  5 ball pythons
  4 endoplasms
  3 giant cockroaches
  7 goblins
  5 hobgoblins
  4 jackals (D:1)
  6 quokkas
  8 bats
  4 frilled lizards
  4 kobolds
  4 rats
62 creatures vanquished.

Notes
Turn   | Place    | Note
-------+----------+-------------------------------------------
     0 | D:1      | naix the Minotaur Fighter began the quest for the Orb.
     0 | D:1      | Reached XP level 1. HP: 19/19 MP: 0/0
    53 | D:1      | Reached XP level 2. HP: 17/27 MP: 1/1
   467 | D:1      | Found Vuol's Weapon Shoppe.
   665 | D:1      | Reached XP level 3. HP: 29/33 MP: 2/2
   757 | D:1      | Found a faded altar of an unknown god.
  1452 | D:2      | Reached XP level 4. HP: 40/40 MP: 3/3
  2022 | D:3      | Noticed Terence
  2026 | D:3      | Killed Terence
  2061 | D:3      | Found Ruogipli's Weapon Shoppe.
  2072 | D:3      | Succumbed to an orc's poison

Illustrated notes

Levels and vault maps discovered:
D:1:      minmay_arrival_nine_rooms, layout_basic,
          shapermc_ecumenical_altar_venn, serial_shops, shop
D:2:      minmay_razor_zed, layout_rooms, kennysheep_crisscross,
          minmay_misc_feat_tiny
D:3:      layout_rooms, mainiacjoe_overflow_alcove_1, serial_shops, shop,
          uniq_terence

Skill      XL: |  1  2  3  4 |
---------------+-------------+-----
Long Blades    | 3 4 |  4.3
Fighting       | 4 |  4.4
Armour         | 4 |  4.4
Shields        | 4 |  4.3

Action                   |  1- 3 |  4- 6 || total
-------------------------+-------+-------++-------
Melee: Long sword        |    86 |    15 ||   101
       Headbutt          |     9 |     7 ||    16
       Double sword      |       |    28 ||    28
  Use: Potion            |       |     1 ||     1
Armor: Scale mail        |    58 |    13 ||    71
       Chain mail        |       |     8 ||     8
Dodge: Dodged            |    50 |    16 ||    66
Block: Buckler           |    25 |     7 ||    32
